 Dungeon Crawl Stone Soup version 0.23-a0-394-g6ce9549 (webtiles) character file.

107525 DudePakas the Cleaver (level 16, 0/151 HPs)
             Began as a Gargoyle Fighter on Sept 26, 2018.
             Was a High Priest of Uskayaw.
             Slain by a shambling mangrove (14 damage)
             ... on level 1 of the Swamp on Oct 31, 2018.
             The game lasted 01:14:39 (26014 turns).

DudePakas the Cleaver (Gargoyle Fighter)           Turns: 26014, Time: 01:14:40

Health: 0/151      AC: 33    Str: 25    XL:     16   Next: 47%
Magic:  26/26      EV:  7    Int: 12    God:    Uskayaw [*****.]
Gold:   794        SH: 13    Dex: 11    Spells: 15/15 levels left

rFire    + + .     SeeInvis .   o - +6 broad axe of Eneydu {flame, rF++ rC+ Str-4}
rCold    + . .     Gourm    .   c - +0 shield
rNeg     + . .     Faith    +   R - +0 plate armour
rPois    ∞         Spirit   .   (no helmet)
rElec    +         Reflect  .   E - +2 cloak
rCorr    .         Harm     .   J - +1 pair of gloves
MR       +....                  (no boots)
Stlth    ..........             b - amulet of faith
HPRegen  0.35/turn              w - +5 ring of slaying
MPRegen  0.20/turn              D - +2 ring of strength

@: berserking, grasped by roots, flying, constricted, very quick
A: big wings, negative energy resistance 1, electricity resistance, unbreathing,
petrification resistance, rot immunity, AC +12
a: Stop Flying, Stomp, Line Pass, Grand Finale, Renounce Religion


You were on level 1 of the Swamp.
You worshipped Uskayaw.
Uskayaw was pleased with you.
You were hungry.

You visited 4 branches of the dungeon, and saw 24 of its levels.

You collected 1821 gold pieces.
You spent 1027 gold pieces at shops.

Inventory:

Hand Weapons
 o - the +6 broad axe of Eneydu (weapon) {flame, rF++ rC+ Str-4}
   (You bought it in a shop on level 6 of the Dungeon)

   It has been specially enchanted to burn those struck by it, causing extra
   injury to most foes and up to half again as much damage against particularly
   susceptible opponents.
   Big, fiery blades are also staple armaments of hydra-hunters.
   It affects your strength (-4).
   It greatly protects you from fire.
   It protects you from cold.
Missiles
 e - 924 stones (quivered)
 q - a throwing net
Armour
 c - a +0 shield (worn)
 r - the +4 chain mail "Yrezion" {rC+ rCorr Str-4}
   (You found it on level 14 of the Dungeon)

   It affects your strength (-4).
   It protects you from cold.
   It provides partial protection from all sources of acid and corrosion.
 E - a +2 cloak (worn)
 J - a +1 pair of gloves (worn)
 R - a +0 plate armour (worn)
Jewellery
 a - an uncursed ring of protection from fire
 b - an amulet of faith (around neck)
 w - a +5 ring of slaying (left hand)
 D - a +2 ring of strength (right hand)
Wands
 d - a wand of disintegration (9)
 z - a wand of acid (23)
 A - a wand of iceblast (16)
 F - a wand of digging (22)
 K - a wand of flame (15)
 P - a wand of clouds (9)
Scrolls
 h - 14 scrolls of remove curse
 i - 12 scrolls of teleportation
 l - 6 scrolls of blinking
 s - a scroll of summoning
 t - a scroll of identify
 v - 6 scrolls of magic mapping
 x - 11 scrolls of enchant armour
 y - 3 scrolls of enchant weapon
Potions
 g - 3 potions of magic
 j - 11 potions of heal wounds
 k - a potion of lignification
 m - 3 potions of haste
 n - 2 potions of mutation
 p - 4 potions of cancellation
 u - a potion of agility
 B - 4 potions of curing
 I - 3 potions of resistance
 L - a potion of ambrosia
 M - a potion of brilliance
Miscellaneous
 O - 2 sacks of spiders
Comestibles
 f - 25 rations


   Skills:
 + Level 12.1 Fighting
 + Level 14.5 Axes
 + Level 12.1 Armour
 + Level 7.4 Dodging
 + Level 12.1 Shields
 + Level 14.3 Invocations


You had 15 spell levels left.
You didn't know any spells.
Your spell library contained the following spells:

 Spells                   Type           Power        Failure   Level  Hunger
 Animate Skeleton         Necr           N/A          99%         1    ##.....
 Apportation              Tloc           #.....       99%         1    ##.....
 Beastly Appendage        Tmut           #.....       99%         1    ##.....
 Confusing Touch          Hex            #.....       99%         1    ##.....
 Corona                   Hex            #......      99%         1    ##.....
 Freeze                   Ice            #...         99%         1    ##.....
 Magic Dart               Conj           #...         99%         1    ##.....
 Pain                     Necr           #...         99%         1    ##.....
 Summon Small Mammal      Summ           #...         99%         1    ##.....
 Call Imp                 Summ           #.......     100%        2    ###....
 Ensorcelled Hibernation  Hex/Ice        #.....       100%        2    ###....
 Searing Ray              Conj           #.....       100%        2    ###....
 Sticks to Snakes         Tmut           #.......     100%        2    ###....
 Throw Frost              Conj/Ice       #.....       100%        2    ###....
 Call Canine Familiar     Summ           #.......     100%        3    ####...
 Confuse                  Hex            #.......     100%        3    ####...
 Dazzling Spray           Conj/Hex       #.....       100%        3    ####...
 Ozocubu's Armour         Chrm/Ice       #.......     100%        3    ####...
 Regeneration             Chrm/Necr      #.........   100%        3    ####...
 Spider Form              Tmut/Pois      #.........   100%        3    ####...
 Summon Guardian Golem    Hex/Summ       #.......     100%        3    ####...
 Tukima's Dance           Hex            #.......     100%        3    ####...
 Vampiric Draining        Necr           #.........   100%        3    ####...
 Animate Dead             Necr           N/A          100%        4    #####..
 Force Lance              Conj/Tloc      #.......     100%        4    #####..
 Fulminant Prism          Conj/Hex       #.........   100%        4    #####..
 Ice Form                 Ice/Tmut       #.......     100%        4    #####..
 Iskenderun's Mystic Bla  Conj           #.......     100%        4    #####..
 Summon Ice Beast         Ice/Summ       #.......     100%        4    #####..
 Summon Lightning Spire   Summ/Air       #.......     100%        4    #####..
 Throw Icicle             Conj/Ice       #.......     100%        4    #####..
 Blade Hands              Tmut           #.........   100%        5    ######.
 Bolt of Magma            Conj/Fire/Erth #.........   100%        5    ######.
 Iskenderun's Battlesphe  Conj/Chrm      #.......     100%        5    ######.
 Venom Bolt               Conj/Pois      #.........   100%        5    ######.
 Iron Shot                Conj/Erth      #.........   100%        6    #######
 Poison Arrow             Conj/Pois      #.........   100%        6    #######
 Orb of Destruction       Conj           #.........   100%        7    #######
 Spellforged Servitor     Conj/Summ      #.........   100%        7    #######
 Chain Lightning          Conj/Air       #.........   100%        8    #######
 Lehudib's Crystal Spear  Conj/Erth      #.........   100%        8    #######
 Fire Storm               Conj/Fire      #.........   100%        9    #######
 Glaciate                 Conj/Ice       #.........   100%        9    #######


Dungeon Overview and Level Annotations

Branches:
Dungeon (15/15)            Temple (0/1) D:7            Lair (6/6) D:10
  Swamp (1/4) Lair:3       Spider (0/4) Lair:3        Slime (0/5) Lair:6
    Orc (2/2) D:11            Elf (0/3) Orc:2        Vaults (0/5) D:14
 Depths (0/5) D:15

Altars:
Ashenzari
Elyvilon
Gozag
Kikubaaqudgha
Makhleb
Nemelex Xobeh
Okawaru
Sif Muna
Uskayaw
Xom
Beogh

Shops:
D:4 !   D:5 *   D:6 (   Orc:1 *   Orc:2 !==:(

Annotations:
D:3 3 runed doors, NervFog's ghost, amateur TeAE
Lair:1 exclusion: oklob plant
Lair:6 3 runed doors, ultrashaft's ghost, journeyman VSFi


Innate Abilities, Weirdness & Mutations

You are resistant to torment.
Your stone body is resilient. (AC +12)
You are immune to poison.
Your large and strong wings let you fly indefinitely.
You resist negative energy. (rN+)
You are resistant to electric shocks. (rElec)
You can survive without breathing.
You are immune to petrification.
You are immune to rotting.


Message History

You block the shambling mangrove's attack.
The shambling mangrove hits you.
* * * LOW HITPOINT WARNING * * *
x2 The grasping roots constrict you.
The hornet stings you but does no damage.
You barely miss the shambling mangrove.
The shambling mangrove is severely damaged.
You slash the shambling mangrove! You burn the shambling mangrove.
You hit the hornet. You burn the hornet. You slash the hornet!
You burn the hornet.
You kill the hornet!
You block the hornet's attack.
You slash the shambling mangrove! You burn the shambling mangrove.
You destroy the shambling mangrove!
You slash the hornet! You burn the hornet.
You hit the shambling mangrove but do no damage.
The hornet stings you but does no damage.
Roots burst forth from the earth!
The grasping roots grab you!
You die...

>≈♣≈.§≈≈≈≈≈≈≈≈
♣§.....≈≈≈§§.≈≈≈≈
♣≈≈≈≈≈.§≈♣§≈.≈≈≈§
♣≈♣≈≈♣≈≈.≈≈≈.≈≈..
♣[≈≈≈≈.♣....≈≈≈≈≈
♣....≈.♣..≈.≈≈≈≈♣
♣.>≈.≈≈.♣≈≈.≈≈≈≈≈
♣♣.≈...♣.yf≈≈≈≈§≈
♣.≈≈≈...@)y≈.≈≈.
♣.≈≈≈.♣..♣≈≈≈≈.♣
♣♣..≈≈≈≈♣.≈≈≈...♣
♣.≈.≈..≈..†≈≈.♣♣♣
♣♣.≈...≈≈≈..≈≈≈♣
♣.≈≈≈.≈≈≈≈≈..≈≈♣
♣♣.≈≈.≈≈≈≈≈≈.....
♣♣.♣..≈§≈..≈.≈.≈≈≈
♣....§≈≈§.≈≈≈≈.≈≈≈


You could see a shambling mangrove and 2 hornets.

Vanquished Creatures
  Frances (D:14)
  An azure jelly (shapeshifter) (D:14)
  An orc warlord (D:11)
  A fire giant (D:14)
  2 ettins
  Josephine (D:14)
  The ghost of Haoxut the Unseen, a journeyman SpEn of Dithmenos (Lair:5)
  7 hydras
  Erolcha (D:12)
  A catoblepas (Lair:6)
  2 shambling mangroves (Swamp:1)
  A death knight (D:13)
  3 centaur warriors
  3 death yaks
  12 two-headed ogres
  An ogre mage (D:15)
  An orc high priest (Orc:1)
  A tengu warrior (D:15)
  Urug (Orc:1)
  Nergalle (Lair:2)
  5 skeletal warriors (D:11)
  2 unseen horrors
  A flayed ghost (D:14)
  A deep elf archer (D:15)
  8 orc knights
  A necromancer (D:14)
  A wolf spider zombie (D:15)
  14 ugly things
  An orc sorcerer (D:11)
  A cyclops (D:12)
  4 manticores (D:12)
  3 deep elf magi
  Maurice (D:9)
  13 elephants
  2 centaur zombies (D:14)
  2 black mambas
  Psyche (D:10)
  7 spiny frogs
  A gargoyle (D:15)
  A torpor snail (Lair:5)
  2 kobold demonologists
  7 komodo dragons
  A yaktaur (shapeshifter) (D:15)
  2 rime drakes
  5 polar bears (Lair:6)
  A queen bee (shapeshifter) (D:13)
  A jumping spider (Lair:3)
  A tyrant leech (Swamp:1)
  A tengu conjurer (D:15)
  9 trolls
  A wolf spider simulacrum (D:15)
  6 hornets
  7 slime creatures (D:12)
  5 dream sheep (Lair:6)
  21 blink frogs
  9 hippogriffs
  2 meliai zombies (D:14)
  3 vampires
  14 spriggans
  A spriggan (shapeshifter) (D:12)
  5 wraiths (D:14)
  28 yaks
  5 wyverns
  4 basilisks
  2 hungry ghosts (D:14)
  Grum (D:11)
  Eustachio (D:5)
  13 vampire mosquitoes
  2 acid dragons
  3 swamp worms (Swamp:1)
  14 wargs
  11 water moccasins
  3 porcupines
  42 orc warriors
  3 ice beasts
  3 sky beasts
  5 phantoms
  A hornet zombie (D:15)
  18 ogres
  5 boggarts (Lair:6)
  4 black bears
  A necrophage (D:8)
  10 crocodiles
  9 centaurs
  23 wolves
  13 big kobolds
  18 bullfrogs
  A wyvern zombie (D:8)
  2 wyvern skeletons
  7 scorpions
  21 killer bees
  8 electric eels
  4 howler monkeys
  14 crimson imps
  A bullfrog zombie (D:13)
  2 quasits
  14 jellies
  18 orc priests
  4 centaur skeletons
  7 hounds
  A bullfrog skeleton (D:12)
  7 iguanas
  28 orc wizards
  6 hell rats (Lair:4)
  10 worker ants
  A killer bee zombie (D:8)
  3 hound skeletons
  6 gnolls
  A howler monkey skeleton (D:9)
  21 adders
  2 shadow imps
  6 oozes
  3 adder skeletons
  4 worms
  8 leopard geckos
  124 orcs
  4 bats
  8 giant cockroaches
  12 goblins
  15 hobgoblins
  6 jackals
  3 quokkas
  4 ball pythons
  7 frilled lizards
  A jackal skeleton (D:7)
  13 kobolds
  6 rats
  A fungus (Lair:3)
  A plant (Lair:6)
874 creatures vanquished.

Vanquished Creatures (collateral kills)
  An ogre (D:9)
  A worker ant (D:9)
2 creatures vanquished.

Vanquished Creatures (others)
  A water moccasin (Lair:6)
  2 wolves (Lair:6)
  2 orcs (Orc:1)
  3 fungi (Lair:6)
  2 plants (Lair:6)
10 creatures vanquished.

Grand Total: 886 creatures vanquished

Notes
Turn   | Place    | Note
-------+----------+-------------------------------------------
     0 | D:1      | DudePakas the Gargoyle Fighter began the quest for the Orb.
     0 | D:1      | Reached XP level 1. HP: 14/14 MP: 1/1
   118 | D:1      | Reached XP level 2. HP: 19/19 MP: 2/2
   647 | D:1      | Reached XP level 3. HP: 23/23 MP: 3/3
  1100 | D:2      | Reached XP level 4. HP: 28/28 MP: 4/4
  1432 | D:2      | Found a hide-covered altar of Uskayaw.
  1437 | D:2      | Became a worshipper of Uskayaw the Reveler
  1900 | D:3      | Found a runed gate.
  1902 | D:3      | Found a runed gate.
  1903 | D:3      | Found a runed gate.
  1905 | D:3      | Noticed a big kobold
  1905 | D:3      | Noticed NervFog's ghost (amateur TeAE)
  1906 | D:3      | Noticed a big kobold
  1922 | D:3      | Reached * piety under Uskayaw
  1924 | D:3      | Reached ** piety under Uskayaw
  1931 | D:3      | Reached *** piety under Uskayaw
  1933 | D:3      | Reached XP level 5. HP: 29/32 MP: 5/5
  1936 | D:3      | Reached **** piety under Uskayaw
  1940 | D:3      | Reached skill level 1 in Invocations
  2566 | D:3      | Reached skill level 5 in Axes
  2566 | D:3      | Reached XP level 6. HP: 37/37 MP: 7/7
  2679 | D:3      | Found a burning altar of Makhleb.
  3067 | D:4      | Found a shattered altar of Ashenzari.
  3169 | D:4      | Found Kisor's Distillery.
  3180 | D:4      | Bought a potion of haste for 120 gold pieces
  3199 | D:4      | Reached XP level 7. HP: 31/41 MP: 8/10
  3203 | D:4      | Reached ***** piety under Uskayaw
  3393 | D:4      | Found a white marble altar of Elyvilon.
  3746 | D:4      | Found an iron altar of Okawaru.
  3806 | D:5      | Entered Level 5 of the Dungeon
  3841 | D:5      | Reached skill level 5 in Invocations
  3951 | D:5      | Reached XP level 8. HP: 39/46 MP: 10/12
  3964 | D:5      | Found a sparkling altar of Nemelex Xobeh.
  3967 | D:5      | Found an ancient bone altar of Kikubaaqudgha.
  3991 | D:5      | Found an opulent altar of Gozag.
  3994 | D:5      | Found Gozag's Platinum Reserve.
  4517 | D:5      | Noticed Eustachio
  4530 | D:5      | Killed Eustachio
  4805 | D:6      | Reached XP level 9. HP: 41/51 MP: 14/14
  5113 | D:6      | Found Kuam's Weapon Emporium.
  5741 | D:7      | Reached ****** piety under Uskayaw
  5890 | D:7      | Found a white marble altar of Elyvilon.
  5940 | D:7      | Found a transporter.
  5955 | D:7      | Found a transporter.
  6413 | D:7      | Reached skill level 10 in Axes
  6475 | D:7      | Reached XP level 10. HP: 56/56 MP: 16/16
  6779 | D:7      | Found a staircase to the Ecumenical Temple.
  6935 | D:8      | Noticed a two-headed ogre
  6976 | D:8      | Killed a two-headed ogre
  7498 | D:8      | Noticed a kobold demonologist
  7503 | D:8      | Noticed a smoke demon
  7512 | D:8      | Killed a kobold demonologist
  7515 | D:8      | Reached skill level 5 in Fighting
  7515 | D:8      | Reached skill level 5 in Armour
  7515 | D:8      | Reached skill level 5 in Shields
  7726 | D:9      | Reached skill level 10 in Invocations
  7807 | D:9      | Noticed Maurice
  7834 | D:9      | Killed Maurice
  7834 | D:9      | Reached XP level 11. HP: 64/64 MP: 18/18
  8022 | D:9      | Found a deep blue altar of Sif Muna.
  8456 | D:9      | Noticed a two-headed ogre
  8461 | D:9      | Killed a two-headed ogre
  8562 | D:10     | Entered Level 10 of the Dungeon
  8562 | D:10     | Noticed a five-headed hydra
  8640 | D:10     | Upgraded the game from 0.23-a0-241-g3b46b07 to
                  | 0.23-a0-247-gab8a48c
  8723 | D:10     | Killed a five-headed hydra
  8887 | D:10     | Found a staircase to the Lair.
  9091 | D:10     | Noticed Psyche
  9097 | D:10     | Paralysed by Psyche for 4 turns
  9294 | D:10     | Killed Psyche
  9385 | D:10     | Got a dazzling flail
  9386 | D:10     | Identified the +2 flail of Articulation {crush, rPois rF++
                  | Str-4 SInv} (You found it on level 10 of the Dungeon)
  9430 | Lair:1   | Entered Level 1 of the Lair of Beasts
  9749 | Lair:1   | Noticed an oklob plant
  9950 | Lair:1   | Got a faintly glowing iron ring
  9952 | Lair:1   | Identified the ring of Hiomim {*Slow rF+ rC+ rN+ Int+2}
                  | (You found it on level 1 of the Lair of Beasts)
 10202 | Lair:1   | Found a sparkling altar of Nemelex Xobeh.
 10334 | Lair:2   | Reached XP level 12. HP: 71/72 MP: 20/20
 10350 | Lair:2   | Noticed Nergalle
 10357 | Lair:2   | Killed Nergalle
 10845 | Lair:2   | Identified a scroll of acquirement
 10848 | Lair:2   | Got a flickering tin amulet
 11247 | Lair:3   | Upgraded the game from 0.23-a0-247-gab8a48c to
                  | 0.23-a0-308-gf318fe8
 11406 | Lair:3   | Found a hole to the Spider Nest.
 11657 | Lair:3   | Found a staircase to the Swamp.
 12693 | Lair:4   | Reached skill level 1 in Dodging
 13043 | Lair:4   | Identified the amulet of Situixen {Harm *Drain Dex+4} (You
                  | acquired it on level 2 of the Lair of Beasts)
 13297 | Lair:4   | You fall through a shaft!
 13319 | Lair:5   | Noticed a four-headed hydra
 13327 | Lair:5   | Killed a one-headed hydra
 13336 | Lair:5   | Reached XP level 13. HP: 65/79 MP: 21/21
 13904 | Lair:5   | Found a runed gate.
 13904 | Lair:5   | Found a runed gate.
 13907 | Lair:5   | Found a runed gate.
 13911 | Lair:5   | Noticed Haoxut's ghost (journeyman SpEn)
 13945 | Lair:5   | Killed Haoxut's ghost
 14239 | Lair:6   | Entered Level 6 of the Lair of Beasts
 14854 | Lair:6   | Found a staircase to the Slime Pits.
 15128 | Lair:6   | Noticed ultrashaft's ghost (journeyman VSFi)
 15129 | Lair:6   | Noticed an ice dragon
 15158 | Lair:6   | Found a runed gate.
 15158 | Lair:6   | Found a runed gate.
 15160 | Lair:6   | Found a runed gate.
 15427 | Lair:6   | Gained mutation: Your large and strong wings let you fly
                  | indefinitely. [Gargoyle growth]
 15427 | Lair:6   | Reached XP level 14. HP: 59/87 MP: 23/23
 15900 | Lair:6   | Reached skill level 10 in Fighting
 15907 | Lair:6   | Upgraded the game from 0.23-a0-308-gf318fe8 to
                  | 0.23-a0-333-g006994f
 15925 | Lair:6   | Reached skill level 10 in Armour
 15925 | Lair:6   | Reached skill level 10 in Shields
 16957 | D:11     | Found a shimmering altar of Xom.
 17032 | D:11     | Reached skill level 5 in Dodging
 17345 | D:11     | Noticed Grum
 17360 | D:11     | Killed Grum
 17909 | D:11     | Found a staircase to the Orcish Mines.
 18141 | D:12     | Noticed Erolcha
 18155 | D:12     | Killed Erolcha
 18600 | D:12     | Found the +6 arbalest "Damnation" {damnation}
 19132 | D:12     | Reached XP level 15. HP: 93/93 MP: 23/25
 19958 | D:13     | Found the +2 hat of the Bear Spirit {Spirit, +Rage rN+
                  | MR++}
 20961 | D:14     | Found a gate to the Vaults.
 21112 | D:14     | Noticed Josephine
 21119 | D:14     | Killed Josephine
 21248 | D:14     | Noticed an azure jelly
 21253 | D:14     | Killed an azure jelly
 21256 | D:14     | Noticed a fire giant
 21265 | D:14     | Killed a fire giant
 21772 | D:14     | Noticed Frances
 21783 | D:14     | Killed Frances
 22079 | D:14     | Got a bloodstained chain mail
 22080 | D:14     | Identified the +4 chain mail "Yrezion" {rC+ rCorr Str-4}
                  | (You found it on level 14 of the Dungeon)
 22337 | D:6      | Bought the +6 broad axe of Eneydu {flame, rF++ rC+ Str-4}
                  | for 663 gold pieces
 22705 | D:15     | Entered Level 15 of the Dungeon
 23520 | D:15     | Found a staircase to the Depths.
 23555 | D:15     | Reached XP level 16. HP: 93/101 MP: 26/26
 23870 | Orc:1    | Entered Level 1 of the Orcish Mines
 23870 | Orc:1    | Found Qothroeke's General Store.
 24093 | Orc:1    | Noticed Urug
 24110 | Orc:1    | Killed Urug
 24284 | Orc:1    | Bought a potion of haste for 100 gold pieces
 24554 | Orc:2    | Entered Level 2 of the Orcish Mines
 24554 | Orc:2    | Found Gitraz's Antique Weapon Shoppe.
 24624 | Orc:2    | Found a staircase to the Elven Halls.
 24974 | Orc:2    | Found a roughly hewn altar of Beogh.
 25012 | Orc:2    | Found Kooblec's Book Boutique.
 25012 | Orc:2    | Found Oviuwnul's Jewellery Shoppe.
 25424 | Orc:2    | Found Durouli's Jewellery Boutique.
 25424 | Orc:2    | Found Kemp's Distillery.
 25481 | Orc:2    | Bought a potion of heal wounds for 80 gold pieces
 25481 | Orc:2    | Bought a potion of agility for 64 gold pieces
 25766 | Swamp:1  | Entered Level 1 of the Swamp
 25996 | Swamp:1  | Upgraded the game from 0.23-a0-333-g006994f to
                  | 0.23-a0-394-g6ce9549
 26014 | Swamp:1  | Slain by a shambling mangrove

Vault maps used:
D:1:      dpeg_arrival_tiny_g
D:2:      marbit_many_paths
D:3:      kb_forest_paths, makhleb_heckhound_becter,
          gammafunk_ghost_nasty_kobolds, first_ration
D:4:      kennysheep_okawaru_gauntlet, old_standard_altar, serial_shops,
          shop_statue, cheibrodos_ashenzari_chains
D:5:      grunt_temple_overflow_open, nicolae_gozag_zags_fifth_avenue,
          uniq_eustachio
D:6:      serial_shops, nicolae_shop_waterfront, minivault_14
D:7:      gammafunk_steamed_eel, temple_statues, elyvilon_altar_5
D:8:      special_room, the_bakery
D:9:      old_standard_altar, uniq_maurice
D:10:     david_lair_generic, minmay_nine_imps, uniq_psyche
D:11:     hiddenorc1_lemuel, xom_teletrap_fun, uniq_grum
D:12:     minmay_the_grid_triangle_9x9_rhombus_full, uniq_erolcha
D:14:     david_vaults_1, minmay_diamond_spiral, uniq_josephine, uniq_frances
D:15:     hangedman_depths_entry_civil_slaughter
Lair:1:   lemuel_centaur_altar, minmay_lair_oklob_chamber
Lair:2:   grunt_megastairs_4, infiniplex_staircase_pool_2, uniq_nergalle
Lair:3:   minmay_swamp_entry_swarm, spider_nest_entry_a, fungi_pond_lemuel,
          lemuel_fruit_fields, infiniplex_staircase_pool
Lair:4:   lookout_lair_type, nicolae_lair_grove_arrangements
Lair:5:   ebering_ghost_rock_garden
Lair:6:   minmay_lair_end_enchanted_forest, nicolae_slime_entry_slimehenge,
          gammafunk_ghost_icy
Swamp:1:  evilmike_swamp_ruin_house_1, uniq_jorgrun, uniq_kirke
Orc:1:    serial_shops, shop, uniq_urug
Orc:2:    st_orc_town, serial_shops, nicolae_shop_crystal

Skill      XL: |  1  2  3  4  5  6  7  8  9 10 11 12 13 14 15 16 |
---------------+-------------------------------------------------+-----
Axes           | 2 3 4 5 6 8 10 11 12 13 14 | 14.5
Invocations    | 2 4 5 7 9 10 11 12 13 14 | 14.3
Fighting       | 5 7 8 9 10 11 12 | 12.1
Armour         | 5 7 8 9 10 11 12 | 12.1
Shields        | 5 7 8 9 10 11 12 | 12.1
Dodging        | 2 4 5 6 7 |  7.4

Action                   |  1- 3 |  4- 6 |  7- 9 | 10-12 | 13-15 | 16-18 || total
-------------------------+-------+-------+-------+-------+-------+-------++-------
Melee: War axe           |    83 |   241 |   280 |   501 |   790 |       ||  1895
       Flail             |       |       |       |     3 |       |       ||     3
       Broad axe         |       |       |       |       |   110 |   246 ||   356
 Fire: Hunting sling     |       |       |     7 |       |       |       ||     7
Invok: Stomp             |       |       |       |       |     4 |     1 ||     5
       Grand Finale      |       |       |       |       |     2 |       ||     2
 Abil: Fly               |       |       |       |       |     1 |       ||     1
Evoke: Wand              |       |       |     4 |    11 |       |     1 ||    16
  Use: Scroll            |     1 |       |       |    22 |     8 |       ||    31
       Potion            |       |       |       |     3 |     3 |     2 ||     8
 Stab: Paralysed         |       |     6 |    20 |    56 |   138 |    33 ||   253
  Eat: Chunk             |     1 |     7 |    11 |    18 |    30 |     7 ||    74
       Ration            |       |       |       |     1 |     2 |       ||     3
Armor: Scale mail        |    39 |    32 |       |       |       |       ||    71
       Chain mail        |       |   115 |   181 |   293 |   202 |       ||   791
       Plate armour      |       |       |       |       |   259 |   114 ||   373
Dodge: Dodged            |    22 |    58 |    69 |    93 |   196 |    75 ||   513
Block: Shield            |    48 |   137 |   142 |   225 |   492 |   146 ||  1190

Table legend:
 A = Non-vault XP
 B = Vault XP
 C = Vault XP percentage of total XP
 D = Non-vault monster count
 E = Vault monster count
 F = Vault count percentage of total count
                 A         B        C        D         E       F
            +---------+---------+-------+---------+---------+-------
      Total |  102650 |   50958 |  33.2 |     628 |     248 |  28.3
            +---------+---------+-------+---------+---------+-------
        D:1 |      50 |       0 |   0.0 |      20 |       0 |   0.0
        D:2 |      90 |       5 |   5.3 |      33 |       1 |   2.9
        D:3 |     207 |      57 |  21.6 |      28 |       6 |  17.6
        D:4 |     403 |       3 |   0.7 |      18 |       2 |  10.0
        D:5 |    1010 |     176 |  14.8 |      19 |       1 |   5.0
        D:6 |    1181 |       0 |   0.0 |      22 |       0 |   0.0
        D:7 |    1465 |     157 |   9.7 |      32 |       3 |   8.6
        D:8 |    1679 |    1725 |  50.7 |      14 |      17 |  54.8
        D:9 |    2457 |     503 |  17.0 |      29 |       1 |   3.3
       D:10 |    1828 |    1748 |  48.9 |      24 |      14 |  36.8
       D:11 |   13864 |     898 |   6.1 |      53 |      21 |  28.4
       D:12 |   13341 |    6688 |  33.4 |      51 |      26 |  33.8
       D:13 |    2195 |       0 |   0.0 |      15 |       0 |   0.0
       D:14 |    7729 |   10903 |  58.5 |      30 |      13 |  30.2
       D:15 |   12369 |    4776 |  27.9 |      31 |       6 |  16.2
     Lair:1 |    2584 |     448 |  14.8 |      13 |       4 |  23.5
     Lair:2 |     820 |    2683 |  76.6 |       5 |       8 |  61.5
     Lair:3 |    1911 |    1374 |  41.8 |      10 |       7 |  41.2
     Lair:4 |    5267 |       0 |   0.0 |      27 |       0 |   0.0
     Lair:5 |   12377 |    1041 |   7.8 |      37 |       2 |   5.1
     Lair:6 |   10766 |    8715 |  44.7 |      29 |      51 |  63.8
    Swamp:1 |    4024 |       0 |   0.0 |      13 |       0 |   0.0
      Orc:1 |    3880 |     807 |  17.2 |      51 |       1 |   1.9
      Orc:2 |    1153 |    8251 |  87.7 |      24 |      64 |  72.7
            +---------+---------+-------+---------+---------+-------
